 Dungeon Crawl Stone Soup version 0.31-a0-1084-gb392501acf (webtiles) character file.

Game seed: 4410475252288075284

2695 Gumption the Fighter (level 9, -5/147 HPs)
             Began as an Ogre Air Elementalist on Nov 28, 2023.
             Was a Believer of Vehumet.
             Slain by an orange demon (8 damage)
             ... led by Amaemon
             ... on level 8 of the Dungeon.
             The game lasted 01:08:17 (9575 turns).

Gumption the Fighter (Ogre Air Elementalist)        Turns: 9575, Time: 01:08:18

Health: -5/147     AC:  4    Str: 14    XL:     9   Next: 65%
Magic:  22/25      EV: 10    Int: 20    God:    Vehumet [**....]
Gold:   480        SH:  0    Dex:  5    Spells: 3/18 levels left

rFire   + . .        a - +9 short sword of True Grit {heavy, +Blink rCorr Dex-4}
rCold   + . .        (no shield)
rNeg    . . .        v - +1 robe {rC+}
rPois   .            (helmet restricted)
rElec   .            p - scarf {repulsion}
rCorr   +            (gloves unavailable)
SInv    .            (boots unavailable)
Will    .....        e - amulet of regeneration Stlth
                     d - ring of magical power
HPRegen 1.24/turn    F - ring of protection from fire
MPRegen 0.19/turn

%: repel missiles
@: berserking, lethally poisoned (-5 -> -46), weakened, very quick
A: large, unfitting armour, tough skin 1
a: Renounce Religion, Evoke Blink


You were on level 8 of the Dungeon.
You worshipped Vehumet.
Vehumet was pleased with you.
You visited 2 branches of the dungeon, and saw 9 of its levels.

You collected 480 gold pieces.

Inventory:

Hand Weapons
 a - the +9 short sword of True Grit (weapon) {heavy, +Blink rCorr Dex-4}
   (You found it on level 6 of the Dungeon)

   Dex-4:     It affects your dexterity (-4).
   +Blink:    It lets you blink.
   rCorr:     It protects you from acid and corrosion.
 b - a +1 hand axe of flaming
 f - a +2 mace of protection
Missiles
 j - 2 javelins
 o - 11 boomerangs
 u - 9 poisoned darts (quivered)
Armour
 p - a scarf of repulsion (worn)
 v - a +1 robe of cold resistance (worn)
Jewellery
 d - a ring of magical power (left hand)
 e - an amulet of regeneration (around neck)
 F - a ring of protection from fire (right hand)
Wands
 r - a wand of mindburst (6)
 t - a wand of flame (14)
 C - a wand of polymorph (7)
 D - a wand of quicksilver (12)
Scrolls
 c - 2 scrolls of summoning {unknown}
 g - 2 scrolls of enchant weapon {unknown}
 h - 2 scrolls of blinking
 i - 6 scrolls of teleportation
 x - a scroll of torment
 y - 2 scrolls of amnesia {unknown}
 z - a scroll of fog {unknown}
Potions
 k - a potion of resistance
 m - a potion of invisibility
 n - a potion of magic
 q - a potion of attraction {unknown}
 s - 2 potions of might {unknown}
 w - 3 potions of curing {unknown}
 A - a potion of heal wounds
 B - a potion of mutation {unknown}
 E - a potion of enlightenment {unknown}


   Skills:
 + Level 9.0 Fighting
 + Level 5.7 Dodging
 - Level 1.4 Stealth
 - Level 5.0 Spellcasting
 - Level 4.0 Conjurations
 + Level 6.8 Air Magic


You had 3 spell levels left.
You knew the following spells:

 Your Spells              Type           Power      Damage    Failure   Level
a - Shock                 Conj/Air       100%       1d9       1%          1
b - Static Discharge      Conj/Air       52%        3-6/arc   1%          2
c - Airstrike             Air            16%        2d(3-19)  7%          4
d - Swiftness             Air            32%        N/A       2%          3
e - Poisonous Vapours     Pois/Air       36%        N/A       4%          2
f - Mephitic Cloud        Conj/Pois/Air  19%        N/A       8%          3

Your spell library contained the following spells:

 Spells                   Type           Power      Damage    Failure   Level
 Cigotuvi's Dreadful Rot  Necr/Pois/Air  28%        N/A       7%          2
 Dazzling Flash           Conj/Hex       26%        N/A       16%         3
 Ensorcelled Hibernation  Hex/Ice        10%        N/A       17%         2
 Jinxbite                 Hex            10%        N/A       17%         2
 Volatile Blastmotes      Fire/Tloc      10%        2d10      34%         3
 Anguish                  Hex/Necr       2%         N/A       75%         4
 Animate Dead             Necr           5%         N/A       75%         4
 Dispel Undead            Necr           5%         3d7       75%         4
 Borgnjor's Vile Clutch   Necr/Erth      2%         N/A       97%         5
 Death Channel            Necr           2%         N/A       100%        6
 Starburst                Conj/Fire      6%         6d4       100%        6
 Maxwell's Capacitive Co  Air            16%        ∞         100%        8


Dungeon Overview and Level Annotations

Branches:
Dungeon (8/15)             Temple (1/1) D:4            Lair (0/5) D:8

Altars:
Ashenzari
Cheibriados
Dithmenos
Elyvilon
Fedhas
Gozag
Hepliaklqana
Kikubaaqudgha
Makhleb
Nemelex Xobeh
Okawaru
Qazlal
Ru
Trog
Uskayaw
Vehumet
Wu Jian
Xom
Yredelemnul
Zin
The Shining One

Annotations:
D:5 3 runed translucent doors, kskgo's ghost, novice DjFE
D:8 Amaemon


Innate Abilities, Weirdness & Mutations

You are too large for most types of armour.
You have tough skin. (AC +1)


Message History

You feel very sick. The scorpion barely misses you.
The orange demon stings you.
* * * LOW HITPOINT WARNING * * *
You are more poisoned.
The orange demon poisons you! The orange demon hits you.
* * * LOW HITPOINT WARNING * * *
You feel your attacks grow feeble. Amaemon hits you but does no damage.
You are more poisoned.
Amaemon claws you.
* * * LOW HITPOINT WARNING * * *
Amaemon closely misses you.
The scorpion stings you but does no damage.
The scorpion stings you.
* * * LOW HITPOINT WARNING * * *
You hit Amaemon.
Amaemon is moderately wounded.
* * * LOW HITPOINT WARNING * * *
You feel extremely sick.
The scorpion stings you but does no damage.
The scorpion stings you.
* * * LOW HITPOINT WARNING * * *
You are more poisoned.
The scorpion poisons you! The orange demon barely misses you.
The orange demon hits you.
* * * LOW HITPOINT WARNING * * *
You feel as though you will be weak longer.
Amaemon hits you with a +0 demon whip of venom.
* * * LOW HITPOINT WARNING * * *
You are more poisoned.
Amaemon barely misses you. Amaemon tail-slaps you!
* * * LOW HITPOINT WARNING * * *
You closely miss Amaemon.
Amaemon is moderately wounded.
* * * LOW HITPOINT WARNING * * *
You feel extremely sick. The scorpion closely misses you.
The scorpion stings you but does no damage.
The orange demon stings you!
You die...

#.....~ .. #......
... #.....
...#+##....
#........#≈..~≈≈≈
#........#~~≈~~~≈≈
+!.......#≈≈≈≈≈"~.
#........#≈≈≈≈~~..
#.....@s.#≈≈≈≈≈..>
#....s64.#≈≈≈≈~...
#........#≈≈≈≈~~..
######'#...~~≈~...
...#....~≈~~..
.....#....~~.~~.
......#...~..~~~.
########.....≈≈≈~.
#..........~~~~≈~.
.≈≈~


You could see Amaemon, an orange demon and 2 scorpions.

Vanquished Creatures
  A troll (D:8)
  A hornet (D:7)
  2 black bears (D:6)
  2 ice beasts
  A wolf (D:8)
  A centaur (D:7)
  A kobold brigand (D:7)
  Blork the orc (D:4)
  2 bullfrogs (D:8)
  6 scorpions
  4 electric eels (D:8)
  10 hounds
  A jelly (D:4)
  A gnoll bouda (D:8)
  3 orc priests
  Ijyb (D:5)
  7 orc wizards
  A sleepcap (D:6)
  2 iguanas
  3 gnolls (D:8)
  11 adders
  A shadow imp (D:7)
  A white imp (D:5)
  2 ufetubi (D:6)
  3 dart slugs
  29 orcs
  8 ball pythons
  4 bats
  7 endoplasms
  3 giant cockroaches
  10 goblins
  11 hobgoblins
  10 jackals
  10 kobolds
  2 quokkas
  6 rats
  A spectral orc (D:4)
170 creatures vanquished.

Notes
Turn   | Place    | Note
-------+----------+-------------------------------------------
     0 | D:1      | Gumption the Ogre Air Elementalist began the quest for the
                  | Orb.
     0 | D:1      | Reached XP level 1. HP: 16/16 MP: 3/3
    80 | D:1      | Reached skill level 1 in Conjurations
   300 | D:1      | Reached XP level 2. HP: 23/26 MP: 5/5
   366 | D:1      | Learned a level 2 spell: Static Discharge
   464 | D:1      | Reached skill level 1 in Fighting
   481 | D:1      | Found a faded altar of an unknown god.
   803 | D:1      | Reached XP level 3. HP: 27/33 MP: 5/7
  1428 | D:2      | Reached XP level 4. HP: 42/42 MP: 8/8
  1857 | D:2      | Reached skill level 2 in Fighting
  2536 | D:3      | Reached XP level 5. HP: 45/50 MP: 9/9
  2713 | D:3      | Learned a level 4 spell: Airstrike
  2717 | D:3      | Learned a level 3 spell: Swiftness
  3441 | D:4      | Found a staircase to the Ecumenical Temple.
  3446 | Temple   | Entered the Ecumenical Temple
  3492 | Temple   | Became a worshipper of Vehumet
  3507 | D:4      | Reached skill level 3 in Fighting
  3682 | D:4      | Found an iron altar of Okawaru.
  3693 | D:4      | Reached XP level 6. HP: 61/61 MP: 11/11
  3904 | D:4      | Noticed Blork the orc
  3911 | D:4      | Killed Blork the orc
  4017 | D:4      | Found a basalt altar of Yredelemnul.
  4315 | D:4      | Reached XP level 7. HP: 35/68 MP: 13/13
  4318 | D:4      | Reached skill level 4 in Fighting
  4319 | D:4      | Reached * piety under Vehumet
  4319 | D:4      | Offered knowledge of Magic Dart by Vehumet.
  4814 | D:5      | Entered Level 5 of the Dungeon
  5006 | D:5      | Found a runed translucent gate.
  5006 | D:5      | Found a runed translucent gate.
  5006 | D:5      | Found a runed translucent gate.
  5010 | D:5      | Noticed kskgo's ghost (novice DjFE)
  5061 | D:5      | Reached skill level 5 in Fighting
  5533 | D:5      | Reached skill level 5 in Spellcasting
  5533 | D:5      | Reached XP level 8. HP: 68/80 MP: 14/15
  5775 | D:5      | Noticed Ijyb
  5783 | D:5      | Killed Ijyb
  6209 | D:5      | Found a hide-covered altar of Uskayaw.
  6211 | D:5      | Found a burning altar of Makhleb.
  6648 | D:6      | Identified the +9 short sword of True Grit {heavy, +Blink
                  | rCorr Dex-4}
  6663 | D:6      | Offered knowledge of Poisonous Vapours by Vehumet.
  6664 | D:6      | Reached skill level 6 in Fighting
  6670 | D:6      | Learned a level 2 spell: Poisonous Vapours
  6798 | D:6      | Reached ** piety under Vehumet
  7000 | D:6      | Found a bloodstained altar of Trog.
  7022 | D:6      | Reached skill level 5 in Air Magic
  7538 | D:6      | Reached skill level 7 in Fighting
  8210 | D:7      | Reached XP level 9. HP: 86/93 MP: 16/16
  8369 | D:7      | Noticed a hornet
  8378 | D:7      | Killed a hornet
  8604 | D:7      | Reached skill level 8 in Fighting
  8891 | D:8      | Reached skill level 5 in Dodging
  9151 | D:8      | Noticed a troll
  9159 | D:8      | Killed a troll
  9315 | D:8      | Offered knowledge of Mephitic Cloud by Vehumet.
  9320 | D:8      | Learned a level 3 spell: Mephitic Cloud
  9529 | D:8      | Reached skill level 9 in Fighting
  9555 | D:8      | Found a staircase to the Lair.
  9561 | D:8      | Noticed an orange demon
  9564 | D:8      | Noticed Amaemon
  9575 | D:8      | HP: 3/147 [poisoned by Amaemon]
  9575 | D:8      | Slain by an orange demon

Illustrated notes

Levels and vault maps discovered:
D:1:      minmay_arrival_four_houses, layout_basic,
          shapermc_ecumenical_altar_mp_highgroup
D:2:      layout_basic
D:3:      layout_basic
D:4:      layout_cave_pools, mainiacjoe_overflow_brackets,
          yredelemnul_forgotten_temple_becter,
          minmay_temple_entry_drinking_statues, roderic_serpentine_path,
          uniq_blork_the_orc
D:5:      layout_cave_pools, gammafunk_temple_overflow_pools,
          gammafunk_ghost_split, minmay_misc_feat_secret_circle,
          palyth_stone_intersect, uniq_ijyb
D:6:      hellmonk_destroyed_diamonds, layout_cave_pods, trog_ov_bears_minmay,
          fountainhead
D:7:      layout_loops_ring, sigmund_army
D:8:      layout_gridville, erik_lair_island, minivault_24,
          nicolae_figureground_sparkle, uniq_psyche, uniq_amaemon
Temple:   nicolae_temple_x_marks_the_god

Skill      XL: |  1  2  3  4  5  6  7  8  9 |
---------------+----------------------------+-----
Conjurations   | 1 2 3 4 |  4.0
Fighting       | 1 2 3 5 7 9 |  9.0
Air Magic      | 3 4 5 6 |  6.8
Spellcasting   | 3 4 5 |  5.0
Dodging        | 2 4 5 |  5.7
Stealth        | |  1.4

Action                     |  1- 3 |  4- 6 |  7- 9 || total
---------------------------+-------+-------+-------++-------
  Melee: Unarmed           |     4 |       |       ||     4
         Dagger            |     8 |       |       ||     8
         Hand axe          |       |     5 |       ||     5
         Mace              |       |     2 |     3 ||     5
         Short sword       |       |       |    12 ||    12
  Throw: Dart              |       |       |     6 ||     6
   Cast: Shock             |    67 |   163 |   282 ||   512
         Static Discharge  |       |     6 |    10 ||    16
         Poisonous Vapours |       |       |    45 ||    45
Ability: Evoke Blink       |       |       |     1 ||     1
    Use: Scroll            |       |     3 |     6 ||     9
         Potion            |       |       |     1 ||     1
 Armour: Robe              |    27 |    60 |   164 ||   251
  Dodge: Dodged            |    17 |    26 |    79 ||   122
         Repelled          |       |     3 |     3 ||     6

Table legend: (Time is in decaauts)
 A = Elapsed time spent in this place.
 B = Non-inter-level travel time spent in this place.
 C = Inter-level travel time spent in this place.
 D = Time resting spent in this place.
 E = Time spent auto-exploring this place.
 F = Levels seen in this place.
 G = Mean time per level.
                   A        B        C        D        E       F      G
               +--------+--------+--------+--------+--------+-----+--------+
         Total |   9582 |   9356 |    226 |   3418 |   2551 |   9 | 1064.7 |
       Dungeon |   9375 |   9149 |    226 |   3264 |   2551 |   8 | 1171.9 |
        Temple |    207 |    207 |      0 |    154 |      0 |   1 |  207.0 |
               +--------+--------+--------+--------+--------+-----+--------+

Top non-repeatable levels by time:
     D:6: 1471 daAuts
     D:5: 1403 daAuts
     D:4: 1313 daAuts
     D:2: 1175 daAuts
     D:1: 1166 daAuts
     D:3: 1100 daAuts
     D:7: 1056 daAuts
     D:8: 688 daAuts
  Temple: 207 daAuts
